 Dungeon Crawl Stone Soup version 0.24-a0-446-g87df7205b4 (webtiles) character file.

Game seed: 10372485440217762823

7 theanonym the Grave Robber (level 1, -1/13 HPs)
             Began as a Mummy Necromancer on June 23, 2019.
             Slain by a leopard gecko (2 damage)
             ... on level 1 of the Dungeon.
             The game lasted 00:00:45 (517 turns).

theanonym the Grave Robber (Mummy Necromancer)       Turns: 517, Time: 00:00:46

Health: -1/13      AC:  2    Str: 11    XL:     1   Next: 91%
Magic:  0/4        EV: 12    Int: 14    God:
Gold:   35         SH:  0    Dex: 12    Spells: 5/6 levels left

rFire    x . .     SeeInvis .   c - +0 dagger
rCold    + . .     Gourm    .   (no shield)
rNeg     + + +     Faith    .   a - +0 robe
rPois    ∞         Spirit   .   (no helmet)
rElec    .         Reflect  .   (no cloak)
rCorr    .         Harm     .   (no gloves)
MR       .....                  (no boots)
Stlth    ++........             (no amulet)
HPRegen  0.04/turn              (no ring)
MPRegen  0.09/turn              (no ring)

@: no status effects
A: no food or potions, fire vulnerability, cold resistance 1, negative energy
resistance 3, torment resistance, unbreathing
a: no special abilities


Innate Abilities, Weirdness & Mutations

You do not eat or drink.
Your flesh is vulnerable to fire.
You are immune to poison.
Your flesh is cold resistant. (rC+)
You are immune to negative energy. (rN+++)
You are immune to unholy pain and torment.
You can survive without breathing.


   Skills:
 + Level 0.4 Short Blades
 - Level 1.6 Dodging
 - Level 1.6 Stealth
 + Level 3.0 Spellcasting
 + Level 4.1 Necromancy


You had 5 spell levels left.
You knew the following spells:

 Your Spells              Type           Power        Failure   Level  Hunger
a - Pain                  Necr           ##..         4%          1    N/A

Your spell library contained the following spells:

 Spells                   Type           Power        Failure   Level  Hunger
 Animate Skeleton         Necr           N/A          4%          1    N/A
 Vampiric Draining        Necr           ##........   12%         3    N/A
 Animate Dead             Necr           N/A          36%         4    N/A
 Regeneration             Chrm/Necr      Unusable     N/A         3    N/A

Skill      XL: |  1 |
---------------+----+-----
Spellcasting   | 3 |  3.0
Short Blades   | |  0.4
Dodging        | |  1.6
Stealth        | |  1.6
Necromancy     | |  4.1

Action                   || total
-------------------------++-------
Melee: Dagger            ||    11
 Cast: Pain              ||    13
Armor: Robe              ||     3
Dodge: Dodged            ||    13

Inventory:

Hand Weapons
 c - a +0 dagger (weapon)
Armour
 a - a +0 robe (worn)
Scrolls
 b - a scroll of noise {unknown}
 d - 2 scrolls of remove curse {unknown}
 e - a scroll of amnesia {unknown}
 f - a scroll of enchant armour {unknown}


You were on level 1 of the Dungeon.
You were not hungry.

You visited 1 branch of the dungeon, and saw 1 of its levels.

You collected 35 gold pieces.

Dungeon Overview and Level Annotations

Branches:
Dungeon (1/15)

Altars:

# #. #.......##.# #. #.
#.......##.############### #.##.
#.........................
##....###########.#########.....#
......+...................'.....+
#....##.......#########.##.....#
##....##.......##### #.##....(#
...[..)'.......l..(#####.##.....#
##....##.......#@........##.....'
...### #.......#.#..###..##.....#
.. #%...(..#.##.###..##.....#
#.......#.##..##..####'###
#.......#.###........#.###
#.......#.# #..#..##.#....
#.......#.####.#...#.#####
#.....).#.#.(#.....#.#
#....[..#.#........#.#


You could see a leopard gecko.

Notes
Turn   | Place    | Note
-------+----------+-------------------------------------------
     0 | D:1      | theanonym the Mummy Necromancer began the quest for the
                  | Orb.
     0 | D:1      | Reached XP level 1. HP: 13/13 MP: 4/4
   493 | D:1      | HP: 6/13 [kobold/+0 dagger (4)]
   499 | D:1      | Reached skill level 3 in Spellcasting
   501 | D:1      | HP: 5/13 [leopard gecko (2)]
   514 | D:1      | HP: 1/13 [leopard gecko (2)]
   517 | D:1      | Slain by a leopard gecko

Vanquished Creatures
  A bat (D:1)
  A frilled lizard (D:1)
  2 goblins (D:1)
  3 kobolds (D:1)
  A rat (D:1)
8 creatures vanquished.

Table legend:
 A = Turns spent in this place as a percentage of turns spent in the entire game.
 B = Non-inter-level travel turns spent in this place as a percentage of non-inter-level travel turns spent in the entire game.
 C = Inter-level travel turns spent in this place as a percentage of turns spent in this place.
 D = Turns resting spent in this place as a percentage of non-inter-level travel turns spent in this place.
 E = Turns spent auto-exploring this place as a percentage of non-inter-level travel turns spent in this place.
 F = Non-inter-level travel turns spent in this place divided by the number of levels of this place that you've seen.
                   A       B       C       D       E      F
               +-------+-------+-------+-------+-------+----------------------
         Total | 100.0 | 100.0 |   0.0 |   0.0 |  90.1 | 517.0
       Dungeon | 100.0 | 100.0 |   0.0 |   0.0 |  90.1 | 517.0
               +-------+-------+-------+-------+-------+----------------------
